 Dungeon Crawl Stone Soup version 0.17-a0-737-gf0a300a (webtiles) character file.

156 Pikaro the Firebug (level 5, -2/31 HPs)
             Began as a High Elf Fire Elementalist on Apr 25, 2015.
             Killed by divine providence
             ... invoked by an orc priest
              (14 damage)
             ... on level 3 of the Dungeon.
             The game lasted 00:05:23 (2755 turns).

Pikaro the Firebug (High Elf Fire Elementalist)     Turns: 2755, Time: 00:05:23

Health: -2/31      AC:  8    Str:  7    XL:     5   Next: 15%
Magic:  8/9        EV: 12    Int: 20    God:
Gold:   152        SH:  0    Dex: 15    Spells: 1 memorised, 7 levels left

rFire  . . .     SeeInvis .     s - +0 dagger (venom)
rCold  . . .     Clarity  .     o - +3 leather armour {MR+}
rNeg   . . .     SustAb   .     (no shield)
rPois  .         Gourm    .     p - +2 hat
rElec  .         Spirit   .     (no cloak)
rCorr  .         Warding  .     (no gloves)
rMut   .         Stasis   .     (no boots)
MR     +....                    e - amulet of rage {+Rage}
Stlth  ++........               (no ring)
                                (no ring)

@: somewhat resistant to hostile enchantments, unstealthy
A: no striking features
a: Evoke Berserk Rage


You were on level 3 of the Dungeon.
You were not hungry.

You visited 1 branch of the dungeon, and saw 3 of its levels.

You collected 152 gold pieces.

Inventory:

Hand weapons
 s - a +0 dagger of venom (weapon)
   (You took it off a kobold on level 3 of the Dungeon)
Armour
 o - a +3 leather armour of magic resistance (worn)
   (You took it off Ijyb on level 3 of the Dungeon)
 p - a +2 hat (worn)
   (You found it on level 2 of the Dungeon)
Jewellery
 e - an amulet of rage (around neck) {+Rage}
   (You found it on level 1 of the Dungeon)
Magical devices
 n - a wand of confusion (31)
   (You found it on level 2 of the Dungeon)
Scrolls
 d - a scroll of blinking {!r}
 f - a scroll of noise {!r}
 j - a scroll of recharging
 m - a scroll of remove curse {unknown}
 q - a scroll of identify
Potions
 h - a potion of magic {unknown}
 i - 2 potions of cancellation {unknown}
 k - 2 potions of resistance {unknown}
 r - a potion of beneficial mutation {unknown}
Books
 a - a book of Maledictions
   (You found it on level 3 of the Dungeon)
 b - a book of Flames
Comestibles
 c - 2 bread rations
 g - 3 chunks of flesh


   Skills:
 - Level 2.1 Dodging
 - Level 2.1 Stealth
 - Level 2.4 Spellcasting
 + Level 3.8 Conjurations
 + Level 4.7 Fire Magic


You had 7 spell levels left.
You knew the following spells:

 Your Spells              Type           Power        Failure   Level  Hunger
a - Flame Tongue          Conj/Fire      ###..        4%          1    #......


Dungeon Overview and Level Annotations

Branches:
Dungeon (3/15)

Altars:
Gozag
Okawaru
Yredelemnul


Message History

You take 1 damage, and have 23/31 hp.
You now have 2/9 mp.
Okay, then. a runed leather armour; 21 stones; the goblin corpse of Ijyb You butcher the goblin corpse of Ijyb.
You feel sick.
g - 2 chunks of flesh; a runed leather armour; 21 stones You take 1 damage, and have 22/31 hp.
Items here: runed leather armour, 21 stones You see here an adder corpse.
You feel sick. a runed leather armour; 21 stones You take 1 damage, and have 21/31 hp.
o - a runed leather armour Wear which item? (? for menu, Esc to quit)
You start removing your armour.
You continue taking off your +0 robe.
You continue taking off your +0 robe.
Keep disrobing?
You feel sick.
You continue taking off your +0 robe. x2
You finish taking off your +0 robe.
You start resting.
You feel sick. x2
You are no longer poisoned.
You take 1 damage, and have 20/31 hp.
You start resting.
Eating one of 2 chunks of flesh.
You continue eating. x2
Health restored: 31; MP restored: 9; Total turns waited: 116 Wear which item? (? for menu, Esc to quit)
You start putting on your armour.
You continue putting on your runed leather armour. x4
You finish putting on your +3 leather armour of magic resistance.
You feel resistant to hostile enchantments.
Drop what? 19/52 slots (_ for help) (? for menu, Esc to quit)
You drop a +0 robe.
You see here an adder corpse.
You butcher the adder corpse.
g - 3 chunks of flesh (gained 2)
a - a book of Maledictions a +0 robe; 21 stones
There is a stone staircase leading down here.
You now have 144 gold pieces (gained 11).
A rat comes into view.
Aim: a rat The flame tongue hits the rat.
You now have 8/9 mp.
Aim: a rat (heavily wounded)
The flame tongue hits the rat.
You kill the rat!
You now have 7/9 mp.
No target in view!
No target in view!
You see here a rat corpse.
You start resting.
MP restored: 9; Total turns waited: 15 A giant cockroach and a goblin come into view.
The goblin shouts!
Aim: a goblin, wielding a club The flame tongue hits the goblin.
You kill the goblin!
You now have 8/9 mp.
Aim: a giant cockroach (clinging)
The flame tongue hits the giant cockroach.
You kill the giant cockroach!
You now have 7/9 mp.
No target in view!
No target in view!
You start resting.
MP restored: 9; Total turns waited: 16 You now have 152 gold pieces (gained 8).
A kobold comes into view. It is wielding a vampiric dagger.
Aim: a kobold, wielding a vampiric dagger (resting)
The flame tongue hits the kobold.
You kill the kobold!
No target in view!
You now have 8/9 mp.
No target in view!
An orc priest comes into view.
The orc priest shouts!
The orc priest mumbles some strange prayers to Beogh against you.
Something smites you!
An orc comes into view.
Items here: ( )) † a vampiric dagger {!w}; a blowgun; 17 poisoned needles; a kobold corpse You take 12 damage, and have 19/31 hp.
MASSIVE DAMAGE!!
The orc shouts!
The orc priest calls down the wrath of Beogh upon you.
Something smites you!
* * * LOW HITPOINT WARNING * * *
The orc moves out of view.
An orc comes into view. It is wielding an enchanted flail.
You take 13 damage, and have 6/31 hp.
MASSIVE DAMAGE!!
HP at 19%!
Drink which item? (? for menu, Esc to quit)
You feel better.
The orc shouts!
The orc priest mumbles some strange prayers to Beogh against you.
Something smites you!
You die...

### #.. #.# ####.
##.#####..ooo..
#....)@..# #..#########
#######..###....... #.#
........>..).# ...
##..##..##..# #.#
#####..##†.##..#####..#
#.#
#..........##..........
#.#
###.###............[....#
#.#
....>.....##............
#.#


You could see an orc priest and 2 orcs.

Vanquished Creatures
  An orc priest (D:3)
  Ijyb (D:3)
  4 adders
  2 orcs (D:3)
  A ball python (D:3)
  4 bats
  4 giant cockroaches
  5 goblins
  11 hobgoblins
  8 jackals (D:3)
  9 kobolds
  A quokka (D:2)
  3 giant newts
  4 rats
58 creatures vanquished.

Notes
Turn   | Place    | Note
--------------------------------------------------------------
     0 | D:1      | Pikaro, the High Elf Fire Elementalist, began the quest for the Orb.
     0 | D:1      | Reached XP level 1. HP: 11/11 MP: 4/4
   299 | D:1      | Reached XP level 2. HP: 10/17 MP: 0/6
   703 | D:1      | Reached skill level 2 in Conjurations
  1216 | D:2      | Found a basalt altar of Yredelemnul.
  1304 | D:2      | Found an opulent altar of Gozag.
  1352 | D:2      | Reached XP level 3. HP: 21/21 MP: 5/7
  1763 | D:2      | Found an iron altar of Okawaru.
  2133 | D:3      | Reached skill level 4 in Fire Magic
  2266 | D:3      | Reached skill level 3 in Conjurations
  2267 | D:3      | Reached XP level 4. HP: 27/27 MP: 0/8
  2539 | D:3      | Noticed Ijyb
  2544 | D:3      | Killed Ijyb
  2544 | D:3      | Reached XP level 5. HP: 29/31 MP: 3/9
  2754 | D:3      | HP: 6/31 [orc priest/divine providence (13)]
  2755 | D:3      | Killed from afar by an orc priest

Action                   |  1- 3 |  4- 6 || total
-------------------------+-------+-------++-------
Melee: Unarmed           |     9 |       ||     9
       Whip              |       |     5 ||     5
 Cast: Flame Tongue      |    89 |    19 ||   108
  Use: Scroll            |     5 |       ||     5
       Potion            |       |     1 ||     1
  Eat: Chunk             |     4 |     2 ||     6

Vault maps used:
D:1:      roderic_crop_circles_arrival_small
D:2:      overflow_temple_1_default, nicolae_overflow_hidden_temple,
          yredelemnul_altar_generic, serial_corexii_hall,
          corexii_hall_statues_deadend, corexii_hall_statues_s,
          corexii_hall_statues_l, st_stairs_9
D:3:      serial_bayou_lagoon_a, uniq_iyjb

Table legend:
 A = Turns spent in this place as a percentage of turns spent in the entire game.
 B = Non-inter-level travel turns spent in this place as a percentage of non-inter-level travel turns spent in the entire game.
 C = Inter-level travel turns spent in this place as a percentage of turns spent in this place.
 D = Turns resting spent in this place as a percentage of non-inter-level travel turns spent in this place.
 E = Turns spent auto-exploring this place as a percentage of non-inter-level travel turns spent in this place.
 F = Non-inter-level travel turns spent in this place divided by the number of levels of this place that you've seen.
                   A       B       C       D       E      F
               +-------+-------+-------+-------+-------+----------------------
         Total | 100.0 | 100.0 |   0.5 |  14.8 |  10.6 | 200.3
       Dungeon | 100.0 | 100.0 |   0.5 |  14.8 |  10.6 | 200.3
               +-------+-------+-------+-------+-------+----------------------

Table legend:
 A = Kills in this place as a percentage of kills in entire the game.
 B = Kills by you in this place as a percentage of kills by you in the entire game.
 C = Kills by friends in this place as a percentage of kills by friends in the entire game.
 D = Other kills in this place as a percentage of other kills in the entire game.
 E = Experience gained in this place as a percentage of experience gained in the entire game.
 F = Experience gained in this place divided by the number of levels of this place that you have seen.
                   A       B       C       D       E      F
               +-------+-------+-------+-------+-------+----------------------
         Total | 100.0 | 100.0 |  -nan |  -nan | 100.0 |  74.7
       Dungeon | 100.0 | 100.0 |  -nan |  -nan | 100.0 |  74.7
               +-------+-------+-------+-------+-------+----------------------
